 Dungeon Crawl Stone Soup version 0.25-a0-942-g87a5396 (webtiles) character file.

Game seed: 1798131598044614579, levelgen mode: deterministic

458 DrEnzyme the Magician (level 7, -2/37 HPs)
             Began as a Kobold Wanderer on May 7, 2020.
             Killed by divine providence
             ... invoked by an orc priest
              (10 damage)
             ... on level 5 of the Dungeon.
             The game lasted 00:16:58 (8896 turns).

DrEnzyme the Magician (Kobold Wanderer)             Turns: 8896, Time: 00:16:59

Health: -2/37      AC:  6    Str: 10    XL:     7   Next: 27%
Magic:  5/16       EV: 15    Int: 15    God:
Gold:   217        SH:  0    Dex: 14    Spells: 12/18 levels left

rFire    . . .     SeeInvis .   l - +1 short sword (drain)
rCold    + . .     Gourm    .   (shield restricted)
rNeg     . . .     Faith    .   d - +0 robe
rPois    .         Spirit   .   k - +0 helmet
rElec    .         Reflect  .   e - +2 cloak
rCorr    .         Harm     .   (no gloves)
MR       .....                  (no boots)
Stlth    +++.......             (no amulet)
HPRegen  0.12/turn              b - ring of protection from cold
MPRegen  0.15/turn              (no ring)

@: no status effects
A: small, carnivore
a: no special abilities


You were on level 5 of the Dungeon.
You were very full.

You visited 1 branch of the dungeon, and saw 5 of its levels.

You collected 217 gold pieces.

Inventory:

Hand Weapons
 i - a +0 hand crossbow
 l - a +1 short sword of draining (weapon)
Armour
 d - a +0 robe (worn)
 e - a +2 cloak (worn)
 k - a +0 helmet (worn)
Jewellery
 a - an uncursed ring of protection from magic
 b - a ring of protection from cold (left hand)
Scrolls
 c - 4 scrolls of remove curse
 h - a scroll of teleportation {unknown}
 j - 2 scrolls of amnesia
 o - a scroll of immolation {unknown}
Potions
 m - 2 potions of haste
 p - a potion of flight
Comestibles
 f - 7 rations


   Skills:
 + Level 0.7 Fighting
   Level 1.7 Staves
 * Level 2.4 Dodging
 * Level 6.0 Stealth
 * Level 6.1 Spellcasting
 + Level 0.6 Conjurations
 - Level 2.0 Summonings
   Level 1.0 Air Magic


You had 12 spell levels left.
You knew the following spells:

 Your Spells              Type           Power        Failure   Level  Hunger
a - Magic Dart            Conj           #...         12%         1    None
b - Call Imp              Summ           ##......     10%         2    #......
c - Blink                 Tloc           N/A          22%         2    #......
d - Summon Butterflies    Summ           ##......     6%          1    None

Your spell library contained the following spells:

 Spells                   Type           Power        Failure   Level  Hunger
 Summon Small Mammal      Summ           ##..         6%          1    None
 Freeze                   Ice            #...         14%         1    None
 Call Canine Familiar     Summ           ##......     19%         3    ##.....
 Slow                     Hex            #.......     22%         2    #......
 Summon Guardian Golem    Hex/Summ       #.......     28%         3    ##.....
 Mephitic Cloud           Conj/Pois/Air  #.......     34%         3    ##.....
 Conjure Flame            Conj/Fire      #.......     36%         3    ##.....
 Ozocubu's Armour         Chrm/Ice       #.......     41%         3    ##.....
 Summon Lightning Spire   Summ/Air       #.......     61%         4    ####...
 Summon Ice Beast         Ice/Summ       #.......     67%         4    ####...


Dungeon Overview and Level Annotations

Branches:
Dungeon (5/15)
 Temple: D:4-7

Altars:
Cheibriados

Annotations:
D:4 1 runed translucent door, exclusion: door, Crazy Yiuf, Dowan, Duvessa
D:5 Eustachio


Innate Abilities, Weirdness & Mutations

You are small and have problems with some larger weapons.
You are carnivorous and can eat meat at any time.


Message History

Your crimson imp disappears in a puff of smoke!
The orc priest calls down the wrath of Beogh upon you.
Beogh smites you!
* * * LOW HITPOINT WARNING * * *
Your crimson imp closely misses the orc priest.
Your crimson imp hits the orc priest.
The orc priest hits your crimson imp but does no damage.
The orc priest hits your crimson imp with a +0 hand axe.
The orc wizard casts a spell at your crimson imp.
The magic dart hits your crimson imp!
Your crimson imp hits the orc wizard but does no damage.
Something hits your crimson imp but does no damage.
Your crimson imp blinks!
Okay, then.
As you read the scroll labeled XOTHRE WAX BODE, it crumbles to dust.
You feel aware of your surroundings.
You sensed 2 altars.
It was a scroll of magic mapping.
The orc priest invokes the aid of Beogh against you.
Beogh smites you!
You die...

..#........#
#########
..#........#
..########## ..#
..# ..#
#############
>.#####...........#
..................#
........§o.5...5@.#
......§o..........#
....§....##########
..)......#
..)......#
.........#
.........#***
............*
###########.*


You could see an orc priest, a friendly crimson imp and a friendly white imp.

Vanquished Creatures
  A phantom (D:4)
  3 worker ants (D:4)
  3 adders (D:4)
  An ooze (D:1)
  An adder zombie (D:4)
  A worm (D:4)
  5 dart slugs
  A leopard gecko (D:3)
  3 orcs
  3 giant cockroaches
  5 goblins
  5 hobgoblins
  8 bats
  6 frilled lizards
  5 kobolds
  7 rats
  A bush (D:1)
59 creatures vanquished.

Vanquished Creatures (collateral kills)
  A phantom (D:5)
  An ogre (D:5)
  A crimson imp (D:5)
  A bullfrog skeleton (D:4)
  An orc priest (D:3)
  2 orc wizards
  Robin (D:2)
  3 adders (D:2)
  An ooze (D:2)
  A worm (D:3)
  A dart slug (D:1)
  7 orcs
  2 bats (D:3)
  3 giant cockroaches
  9 goblins
  4 hobgoblins (D:2)
  5 jackals (D:2)
  3 kobolds
  A quokka (D:2)
  A frilled lizard (D:2)
  2 rats
51 creatures vanquished.

Grand Total: 110 creatures vanquished

Notes
Turn   | Place    | Note
-------+----------+-------------------------------------------
     0 | D:1      | DrEnzyme the Kobold Wanderer began the quest for the Orb.
     0 | D:1      | DrEnzyme set off with the following items: a +0 dagger, a
                  | +0 robe, a ration; and the following spells available to
                  | memorise: Summon Butterflies, Call Imp, Freeze, Magic Dart,
                  | Call Canine Familiar, Blink, Slow, Mephitic Cloud, Conjure
                  | Flame, Ozocubu's Armour
     0 | D:1      | Reached XP level 1. HP: 10/10 MP: 3/3
     2 | D:1      | Learned a level 1 spell: Magic Dart
   232 | D:1      | Reached XP level 2. HP: 8/15 MP: 0/5
   754 | D:1      | Learned a level 2 spell: Call Imp
   757 | D:1      | Learned a level 2 spell: Blink
   759 | D:1      | Learned a level 1 spell: Freeze
   983 | D:1      | Reached XP level 3. HP: 19/19 MP: 0/7
  3131 | D:2      | Reached skill level 1 in Dodging
  3211 | D:2      | Reached XP level 4. HP: 24/24 MP: 1/8
  4561 | D:3      | Reached skill level 5 in Stealth
  4611 | D:3      | Noticed Robin
  5640 | D:2      | Killed Robin
  5640 | D:2      | Reached XP level 5. HP: 28/28 MP: 5/11
  5931 | D:3      | Found a snail-covered altar of Cheibriados.
  6124 | D:4      | Noticed a phantom
  6241 | D:4      | Noticed Duvessa
  6551 | D:4      | Noticed an ogre
  6591 | D:5      | Entered Level 5 of the Dungeon
  6654 | D:5      | Noticed Eustachio
  6654 | D:5      | Noticed a phantom
  6773 | D:4      | Found a runed translucent door.
  6774 | D:4      | Noticed Crazy Yiuf
  6808 | D:4      | Noticed Dowan
  6868 | D:4      | Reached XP level 6. HP: 21/32 MP: 7/13
  7015 | D:4      | Reached skill level 5 in Spellcasting
  7314 | D:4      | Killed a phantom
  7390 | D:4      | Learned a level 1 spell: Summon Butterflies
  7439 | D:5      | Noticed an ogre
  7745 | D:5      | Killed an ogre
  7745 | D:5      | Reached XP level 7. HP: 11/37 MP: 10/15
  8756 | D:5      | Noticed a water moccasin
  8896 | D:5      | Killed from afar by an orc priest

Levels and vault maps discovered:
D:1:      scummos_arrival_simple_crosswalls, layout_loops_ring, serial_forest,
          infiniplex_forest_lined_2, infiniplex_forest_straight_4,
          infiniplex_forest_clump_curved, infiniplex_forest_corner_2,
          infiniplex_forest_split
D:2:      layout_loops_corners, first_ration, minmay_misc_feat_room,
          kennysheep_generic_room_11
D:3:      layout_loops_cross, kennysheep_slug_shrine, uniq_robin
D:4:      layout_loops_ring, hellmonk_ghost_happy_afterlife,
          serial_bayou_pond_c, uniq_crazy_yiuf_cottage, uniq_duvessa
D:5:      layout_basic, marbit_many_paths, biasface_ghost_orc_armoury,
          uniq_eustachio

Skill      XL: |  1  2  3  4  5  6  7 |
---------------+----------------------+-----
Spellcasting   | 3 4 5 6 |  6.1
Dodging        | 1 2 |  2.4
Stealth        | 5 6 |  6.0
Fighting       | |  0.7
Staves         | |  1.7
Conjurations   | |  0.6
Summonings     | |  2.0
Air Magic      | |  1.0

Action                   |  1- 3 |  4- 6 |  7- 9 || total
-------------------------+-------+-------+-------++-------
Melee: Dagger            |   472 |    57 |       ||   529
       Short sword       |       |    71 |    39 ||   110
 Cast: Magic Dart        |    74 |     3 |       ||    77
       Call Imp          |    31 |    87 |    27 ||   145
       Freeze            |       |     3 |       ||     3
  Use: Potion            |       |     2 |     1 ||     3
       Scroll            |       |     6 |     1 ||     7
 Stab: Sleeping          |       |    11 |       ||    11
       Distracted        |       |     3 |       ||     3
  Eat: Chunk             |    17 |    18 |     5 ||    40
Armor: Robe              |    18 |    40 |     5 ||    63
Dodge: Dodged            |    71 |   114 |    30 ||   215

Table legend:
 A = Non-vault XP
 B = Vault XP
 C = Vault XP percentage of total XP
 D = Non-vault monster count
 E = Vault monster count
 F = Vault count percentage of total count
                 A         B        C        D         E       F
            +---------+---------+-------+---------+---------+-------
      Total |     630 |      25 |   3.8 |      95 |      14 |  12.8
            +---------+---------+-------+---------+---------+-------
        D:1 |      51 |       0 |   0.0 |      30 |       0 |   0.0
        D:2 |      49 |      15 |  23.4 |      24 |       7 |  22.6
        D:3 |      56 |      10 |  15.2 |      20 |       7 |  25.9
        D:4 |     286 |       0 |   0.0 |      14 |       0 |   0.0
        D:5 |     188 |       0 |   0.0 |       7 |       0 |   0.0
            +---------+---------+-------+---------+---------+-------
